 Dungeon Crawl Stone Soup version 0.23-a0-14-g8c9a20f (webtiles) character file.

2 Amnesiac the Conjurer (level 1, 0/13 HPs)
             Began as a Mummy Conjurer on Aug 2, 2018.
             Slain by a goblin
             ... wielding a +0 club
             ... led by Robin
              (3 damage)
             ... on level 2 of the Dungeon.
             The game lasted 00:00:21 (170 turns).

Amnesiac the Conjurer (Mummy Conjurer)               Turns: 170, Time: 00:00:21

Health: 0/13       AC:  2    Str: 11    XL:     1   Next: 25%
Magic:  4/4        EV: 12    Int: 14    God:
Gold:   11         SH:  0    Dex: 12    Spells: 4/5 levels left

rFire    x . .     SeeInvis .   (no weapon)
rCold    + . .     Gourm    .   (no shield)
rNeg     + + +     Faith    .   a - +0 robe
rPois    ∞         Spirit   .   (no helmet)
rElec    .         Reflect  .   (no cloak)
rCorr    .         Harm     .   (no gloves)
MR       .....                  (no boots)
Stlth    ++........             (no amulet)
HPRegen  0.04/turn              (no ring)
MPRegen  0.09/turn              (no ring)

@: no status effects
A: no food or potions, fire vulnerability, cold resistance 1, negative energy
resistance 3, torment resistance, unbreathing
a: no special abilities


You were on level 2 of the Dungeon.
You were not hungry.

You visited 1 branch of the dungeon, and saw 2 of its levels.

You collected 11 gold pieces.

Inventory:

Armour
 a - a +0 robe (worn)
Scrolls
 b - 2 scrolls of remove curse {!r, unknown}


   Skills:
 - Level 1.5 Dodging
 - Level 1.5 Stealth
 + Level 2.9 Spellcasting
 - Level 3.2 Conjurations


You had 4 spell levels left.
You knew the following spells:

 Your Spells              Type           Power        Failure   Level  Hunger
a - Magic Dart            Conj           ##..         5%          1    N/A

Your spell library contained the following spells:

 Spells                   Type           Power        Failure   Level  Hunger
 Iskenderun's Mystic Bla  Conj           ##......     50%         4    N/A
 Fulminant Prism          Conj/Hex       #.........   73%         4    N/A
 Dazzling Spray           Conj/Hex       #.....       32%         3    N/A
 Force Lance              Conj/Tloc      #.......     73%         4    N/A
 Searing Ray              Conj           ##....       9%          2    N/A

Dungeon Overview and Level Annotations

Branches:
Dungeon (2/15)

Altars:

Annotations:
D:2 Robin


Innate Abilities, Weirdness & Mutations

You do not eat or drink.
Your flesh is vulnerable to fire.
You are immune to poison.
Your flesh is cold resistant. (rC+)
You are immune to negative energy. (rN+++)
You are immune to unholy pain and torment.
You can survive without breathing.


Message History

Confirm with . or Enter, or press ? or * to list all spells.
You don't have enough magic to cast that spell.
The kobold hits you.
Casting: Magic Dart (safe; 6% risk of failure)
Confirm with . or Enter, or press ? or * to list all spells.
You don't have enough magic to cast that spell.
You hit the kobold but do no damage.
The kobold is moderately wounded.
The kobold closely misses you.
Casting: Magic Dart (safe; 6% risk of failure)
Confirm with . or Enter, or press ? or * to list all spells.
You don't have enough magic to cast that spell.
You hit the kobold but do no damage.
The kobold is moderately wounded.
The kobold barely misses you.
Casting: Magic Dart (safe; 6% risk of failure)
Confirm with . or Enter, or press ? or * to list all spells.
You don't have enough magic to cast that spell.
You hit the kobold.
You kill the kobold!
Casting: Magic Dart (safe; 5% risk of failure)
Confirm with . or Enter, or press ? or * to list all spells.
You don't have enough magic to cast that spell.
b - a scroll labeled PIM PEKHLIPLUUT {!r} You see here a kobold corpse.
Casting: Magic Dart (safe; 5% risk of failure)
Confirm with . or Enter, or press ? or * to list all spells.
You don't have enough magic to cast that spell.
You start resting.
Magic restored.
You start resting.
Magic restored.
HP restored.
A jackal comes into view.
The jackal moves out of view.
Found a ration.
Found an escape hatch in the floor.
The jackal is too close now for your liking.
You see here a scroll labeled PIM PEKHLIPLUUT {!r}.
b - 2 scrolls labeled PIM PEKHLIPLUUT {!r} (gained 1)
Found 8 stones.
There is an escape hatch in the floor here.
You slide downwards.
The hatch slams shut behind you. 8 goblins, a hobgoblin and Robin come into view.
A goblin is wielding a dagger of electrocution.
Found a fuming yellow potion.
Found a stone staircase leading up.
The goblin shouts! x3; Robin shouts!
The goblin shouts! x2; You hear a shout! x3
A hobgoblin comes into view. It is wielding a club.
The goblin barely misses you.
The goblin shouts! x3
The goblin hits you but does no damage. Robin throws the goblin at you!
The goblin completely misses you. The goblin hits you with a dagger.
The hobgoblin shouts!
A rat comes into view.
Robin throws the goblin at you! The goblin hits you.
The goblin hits you with a club.
* * * LOW HITPOINT WARNING * * *
A hobgoblin comes into view.
The goblin misses you. Robin throws the goblin at you!
The goblin hits you with a club.
* * * LOW HITPOINT WARNING * * *
The goblin barely misses you. The hobgoblin hits you with a club.
* * * LOW HITPOINT WARNING * * *
The goblin hits you with a club.
You die...

#. #. #..########
#.#......##
#.........##
#.....g....#
#....gg....# #
#...@.ggg..# .##.#
#.....gg...##.....#
#...g.g...........#
###.....g...#.###.#
#.!......## #
#...r....#
#....g.....
#..........
.........#.


You could see Robin, 3 hobgoblins, 8 goblins and a rat.

Vanquished Creatures
  A goblin (D:1)
  A kobold (D:1)
2 creatures vanquished.

Notes
Turn   | Place    | Note
-------+----------+-------------------------------------------
     0 | D:1      | Amnesiac the Mummy Conjurer began the quest for the Orb.
     0 | D:1      | Reached XP level 1. HP: 13/13 MP: 4/4
   163 | D:2      | Noticed Robin
   170 | D:2      | Slain by a goblin

Vault maps used:
D:1:      sevenhm_arrival_forest_fort_small_4
D:2:      grunt_gozag_breadcrumbs, uniq_robin

Action                   || total
-------------------------++-------
Melee: Unarmed           ||     3
 Cast: Magic Dart        ||     6
Armor: Robe              ||     2
Dodge: Dodged            ||     6

Table legend:
 A = Spawn XP
 B = Non-spawn XP
 C = Spawn XP percentage of total XP
 D = Spawn monster count
 E = Non-spawn monster count
 F = Spawn count percentage of total count
 G = Total turns spent on level
                    A         B        C        D         E        F      G
               +---------+---------+-------+---------+---------+-------+---------
         Total |       0 |       3 |   0.0 |       0 |       2 |   0.0 |   170
               +---------+---------+-------+---------+---------+-------+---------
           D:1 |       0 |       3 |   0.0 |       0 |       2 |   0.0 |   163
               +---------+---------+-------+---------+---------+-------+---------
